 Dungeon Crawl Stone Soup version 0.17-a0-1368-g6ab37f2 (webtiles) character file.

128 wvc the Cudgeler (level 4, -7/33 HPs)
             Began as a Mummy Wanderer on June 12, 2015.
             Mangled by Noname's ghost (13 damage)
             ... on level 3 of the Dungeon.
             The game lasted 00:05:44 (2803 turns).

wvc the Cudgeler (Mummy Wanderer)                   Turns: 2803, Time: 00:05:44

Health: -7/33      AC:  7    Str: 15    XL:     4   Next: 87%
Magic:  4/4        EV: 10    Int: 12    God:
Gold:   138        SH:  0    Dex: 11    Spells: 1 memorised, 1 level left

rFire  x . .     SeeInvis .     d - +1 mace
rCold  + . .     Clarity  .     m - +1 ring mail {rPois}
rNeg   + + +     SustAt   .     (no shield)
rPois  ∞         Gourm    .     k - +0 helmet
rElec  .         Spirit   .     (no cloak)
rCorr  .         Warding  .     (no gloves)
rMut   .         Stasis   .     (no boots)
MR     .....                    (no amulet)
Stlth  ..........               (no ring)
                                i - ring of loudness (curse)

@: not resistant to hostile enchantments, extremely unstealthy
A: no food or potions, fire vulnerability, cold resistance 1, negative energy
resistance 3, torment resistance, unbreathing
a: no special abilities


You were on level 3 of the Dungeon.
You were not hungry.

You visited 1 branch of the dungeon, and saw 3 of its levels.

You collected 138 gold pieces.

Inventory:

Hand weapons
 d - a +1 mace (weapon)
 g - a +0 flail
 j - a +0 blowgun
Missiles
 l - 6 tomahawks
 n - 4 curare-tipped needles
 o - 2 poisoned javelins (quivered)
Armour
 k - a +0 helmet (worn)
 m - a +1 ring mail of poison resistance (worn)
Jewellery
 i - a cursed ring of loudness (left hand)
Magical devices
 e - a wand of teleportation (6)
Scrolls
 c - 3 scrolls of teleportation
 f - a scroll of blinking
 h - 2 scrolls of noise
Books
 a - a book of Minor Magic

   Spells                             Type                      Level
   a - Magic Dart                     Conjuration                  1
   b - Blink                          Translocation                2
   c - Call Imp                       Summoning                    2
   d - Repel Missiles                 Charms/Air                   2
   e - Slow                           Hexes                        2
   f - Conjure Flame                  Conjuration/Fire             3
   g - Mephitic Cloud                 Conjuration/Poison/Air       3
 b - the Compendium of Good Luck

   Spells                             Type                      Level
   a - Infusion                       Charms                       1
   b - Spectral Weapon                Hexes/Charms                 3


   Skills:
 - Level 1.7 Fighting
 * Level 2.6 Maces & Flails
   Level 1.0 Polearms
 - Level 1.0 Throwing
 - Level 2.1 Armour
 - Level 1.0 Dodging
 - Level 1.0 Stealth
 + Level 2.4 Summonings
   Level 2.0 Necromancy


You had one spell level left.
You knew the following spells:

 Your Spells              Type           Power        Failure   Level  Hunger
a - Call Imp              Summ           #.......     41%         2    N/A

Dungeon Overview and Level Annotations

Branches:
Dungeon (3/15)

Altars:

Annotations:
D:3 Noname's ghost, average NaBe


Innate Abilities, Weirdness & Mutations

You do not eat or drink.
Your flesh is vulnerable to fire.
You are immune to poison.
Your flesh is cold resistant.
You are immune to negative energy.
You are immune to unholy pain and torment.
You can survive without breathing.


Message History

Found 14 poisoned sling bullets.
You see here 14 poisoned sling bullets.
Noname's ghost misses you.
You hit Noname's ghost.
Noname's ghost is lightly damaged.
Noname's ghost barely misses you.
You thump Noname's ghost!
Noname's ghost is moderately damaged.
Noname's ghost hits you! Noname's ghost hits you.
You barely miss Noname's ghost.
Noname's ghost is moderately damaged.
Noname's ghost hits you.
You sock Noname's ghost!
Noname's ghost is heavily damaged.
Noname's ghost hits you!
* * * LOW HITPOINT WARNING * * *
You hit Noname's ghost.
Noname's ghost is heavily damaged.
Noname's ghost hits you!
You die...

###.######.# .#
#...#..........### ##.#
#..<.....# #..##.. ....
...)##...# #..##.#######
#..†##...# #..##.#......
#........# #...#.#......
#.......####...#.#......
##........##...#(# .
.....####.##...#@# ..
###### #.......#W# ..
#.........# .#
#.......### .#.#.
.#........†#......
#.########.†.......
#..............#.#.
#######...#.#......
#...#.##.#.#.


You could see Noname's ghost.

Vanquished Creatures
  Jessica (D:2)
  Robin (D:3)
  3 adders (D:2)
  2 worms (D:2)
  5 bats
  2 giant cockroaches
  15 goblins
  6 hobgoblins
  8 kobolds
  A ball python (D:1)
  3 giant newts
  7 jackals
  7 rats
61 creatures vanquished.

Vanquished Creatures (others)
  A jackal (D:1)
1 creature vanquished.

Grand Total: 62 creatures vanquished

Notes
Turn   | Place    | Note
--------------------------------------------------------------
     0 | D:1      | wvc the Mummy Wanderer began the quest for the Orb.
     0 | D:1      | wvc set off with: a book of Minor Magic, the Compendium of Good Luck, a scroll of teleportation, a +0 robe, a +0 club
     0 | D:1      | Reached XP level 1. HP: 15/15 MP: 1/1
     3 | D:1      | Identified the Compendium of Good Luck
   411 | D:1      | Reached skill level 1 in Maces & Flails
   518 | D:1      | Reached XP level 2. HP: 5/21 MP: 2/2
  1360 | D:2      | Reached skill level 1 in Armour
  1394 | D:2      | Reached XP level 3. HP: 24/27 MP: 3/3
  2153 | D:2      | Reached XP level 4. HP: 23/33 MP: 4/4
  2157 | D:2      | Learned a level 2 spell: Call Imp
  2157 | D:2      | Noticed Jessica
  2159 | D:2      | Killed Jessica
  2693 | D:3      | Noticed Robin
  2700 | D:3      | Killed Robin
  2786 | D:3      | Noticed Noname's ghost (average NaBe)
  2803 | D:3      | Mangled by Noname's ghost

Vault maps used:
D:1:      scummos_arrival_simple_fountains, lemuel_flame_loot_1
D:2:      minivault_24, uniq_robin, uniq_jessica
D:3:      overflow_temple_1_default, lightli_temple_of_fire, ecumenical_altar_1,
          first_bread, serial_co_window_serial, co_window_of_opportunity_a,
          co_window_paths_b, co_window_paths_a, co_window_corner_a,
          co_window_of_opportunity_a, co_window_of_opportunity_a,
          co_window_paths_a, co_window_corner_ca, co_window_2corner,
          co_window_broadway_a, co_window_corner_ca, co_window_4corner_a,
          co_window_4corner_b, glass_columns_b, glass_columns_a, dk_vineyard_1

Action                   |  1- 3 |  4- 6 || total
-------------------------+-------+-------++-------
Melee: Mace              |   172 |    50 ||   222
       Club              |    13 |       ||    13
Throw: Tomahawk          |       |     5 ||     5
       Javelin           |       |     4 ||     4
  Use: Scroll            |     6 |     1 ||     7
